 Dungeon Crawl Stone Soup version 0.30.0-11-gf55b779eaf (webtiles) character file.

Game seed: 1339687613692136311

824 tizbic2 the Grave Robber (level 7, -1/50 HPs)
             Began as a Ghoul Necromancer on May 17, 2023.
             Slain by an iguana (5 damage)
             ... on level 6 of the Dungeon.
             The game lasted 00:18:53 (4829 turns).

tizbic2 the Grave Robber (Ghoul Necromancer)        Turns: 4829, Time: 00:18:54

Health: -1/50      AC:  9    Str: 18    XL:     7   Next: 96%
Magic:  12/12      EV: 11    Int: 12    God:
Gold:   307        SH:  0    Dex:  9    Spells: 10/14 levels left

rFire   . . .        a - +1 spear (venom)
rCold   + . .        (no shield)
rNeg    + + +        m - +0 ring mail
rPois   ∞            q - +0 helmet
rElec   .            c - +2 cloak {rPois}
rCorr   .            (no gloves)
SInv    .            (no boots)
Will    .....        (no amulet)
Stlth   +            A - +6 ring of strength
HPRegen 0.00/turn    (no ring)
MPRegen 0.13/turn

%: no passive effects
@: inhibited regen
A: claws 1, cold resistance 1, negative energy resistance 3, inhibited
regeneration, torment resistance 2, devour on kill
a: no special abilities


You were on level 6 of the Dungeon.
You visited 1 branch of the dungeon, and saw 6 of its levels.

You collected 307 gold pieces.

Inventory:

Hand Weapons
 a - a +1 spear of venom (weapon)
 d - a +3 short sword of flaming
 w - a +2 sling of freezing
 C - a +0 halberd
Missiles
 u - 2 javelins
Armour
 c - a +2 cloak of poison resistance (worn)
 e - a +0 chain mail
 i - a +1 scale mail
 k - a +0 leather armour
 m - a +0 ring mail (worn)
 q - a +0 helmet (worn)
 s - a +0 hat
Magical Staves
 h - a staff of earth
 l - a staff of cold
 x - a staff of poison
Jewellery
 A - a +6 ring of strength (left claw)
Wands
 o - a wand of acid (6)
 y - a wand of polymorph (6)
Scrolls
 j - a scroll of immolation
 p - a scroll of magic mapping
 r - 5 scrolls of blinking
 B - 2 scrolls of teleportation
 D - a scroll of identify
Potions
 b - a potion of magic
 f - 2 potions of attraction
 g - 3 potions of curing
 n - 2 potions of might
 t - a potion of invisibility {unknown}
 v - 5 potions of heal wounds
 z - a potion of ambrosia


   Skills:
 + Level 2.2 Staves
 + Level 3.1 Armour
 - Level 2.4 Dodging
 - Level 2.1 Stealth
 * Level 4.0 Spellcasting
 + Level 5.4 Necromancy
 + Level 2.1 Ice Magic
 * Level 2.4 Air Magic


You had 10 spell levels left.
You knew the following spells:

 Your Spells              Type           Power      Damage    Failure   Level
a - Necrotise             Necr           60%        1d7       4%          1
b - Vampiric Draining     Necr           15%        2d7       12%         3

Your spell library contained the following spells:

 Spells                   Type           Power      Damage    Failure   Level
 Poisonous Vapours        Pois/Air       10%        N/A       34%         2
 Animate Dead             Necr           15%        N/A       38%         4
 Mephitic Cloud           Conj/Pois/Air  4%         N/A       63%         3
 Agony                    Necr           15%        N/A       75%         5
 Freezing Cloud           Conj/Ice/Air   3%         6-21      99%         5


Dungeon Overview and Level Annotations

Branches:
Dungeon (6/15)
 Temple: D:4-7

Altars:
Sif Muna
Xom

Shops:
D:5 :

Annotations:
D:5 2 transporters, GigaChad's ghost, amateur DrRe
D:6 2 runed translucent doors


Innate Abilities, Weirdness & Mutations

You are immune to poison.
You have sharp fingernails.
Your flesh is cold resistant. (rC+)
You are immune to negative energy. (rN+++)
You do not regenerate when monsters are visible.
You are immune to unholy pain and torment.
You thrive by killing the living.


Message History

D - a scroll of identify An ogre comes into view.
It is wielding a +0 giant club.
The ogre shouts!
An orc comes into view. It is wielding a +4 sling.
The orc shouts!
You hear a bark!
You hear a shout! x2
The orc shoots a sling bullet.
The sling bullet barely misses you.
You hear a shout!
You hear an angry hiss.
Found a scroll labelled SINIVU AFADU.
Found a stone staircase leading down.
The orc shoots a sling bullet.
The sling bullet hits you.
An ice beast comes into view.
Reach: a) +1 spear (venom)
Press: ? - help, Dir - move target, f - orc
Aim: an orc, wielding a +4 sling and wearing a +0 ring mail (about 39% to evade your +1 spear of venom)
You reach to attack!
You closely miss the orc. You closely miss the orc. You claw the orc.
The orc is moderately wounded.
The orc unwields a +4 sling.
The orc wields a +0 whip of electrocution.
You hear the crackle of electricity.
The orc closely misses you.
You hit the orc.
The orc is poisoned.
The orc is severely wounded.
An iguana comes into view.
The orc hits you but does no damage.
The iguana hisses menacingly.
You hit the ogre.
The ogre is poisoned.
The ogre is lightly wounded.
You kill the orc!
The ogre hits you with a +0 giant club!!
The iguana attacks as you move away! The iguana barely misses you.
The iguana hisses menacingly.
The ogre attacks as you move away! The ogre barely misses you.
A bullfrog comes into view.
The ogre attacks as you move away!
The ogre hits you with a +0 giant club!!
* * * LOW HITPOINT WARNING * * *
The bullfrog gives a loud, deep croak!
A sky beast comes into view.
The iguana attacks as you move away! The iguana bites you.
You die...

#...............#
..............#
#....#........Y
#).........!..
##......###...
##.Y##...F..#
#..O#....#
#.#l...#..#
#...@.###.########
####.####........####
#....................
#.......#........####
#..#..#.#........#
#.....#..........#
#..##.###........#
#..##....[##....##
#...######.####..#


You could see an ice beast, a sky beast (wandering), an ogre (very poisoned), a
bullfrog and an iguana.

Vanquished Creatures
  An orc warrior (D:5)
  An ice beast (D:5)
  A phantom (D:4)
  A gnoll sergeant (D:5)
  A howler monkey (D:5)
  2 orc priests (D:5)
  3 hounds (D:5)
  A sleepcap (D:5)
  An orc wizard (D:5)
  2 iguanas (D:5)
  5 gnolls (D:5)
  7 adders
  2 worms
  2 dart slugs (D:1)
  5 orcs
  7 endoplasms
  3 giant cockroaches
  6 goblins
  4 hobgoblins
  12 jackals
  7 kobolds
  A quokka (D:1)
  6 ball pythons
  6 bats
  4 frilled lizards (D:1)
  3 rats (D:2)
94 creatures vanquished.

Vanquished Creatures (collateral kills)
  An orc (D:2)
  A frilled lizard (D:1)
2 creatures vanquished.

Vanquished Creatures (others)
  An orc (D:6)
1 creature vanquished.

Grand Total: 97 creatures vanquished

Notes
Turn   | Place    | Note
-------+----------+-------------------------------------------
     0 | D:1      | tizbic2 the Ghoul Necromancer began the quest for the Orb.
     0 | D:1      | Reached XP level 1. HP: 14/14 MP: 2/2
    98 | D:1      | Reached XP level 2. HP: 20/20 MP: 3/3
   374 | D:1      | Reached skill level 1 in Armour
   446 | D:1      | Reached XP level 3. HP: 26/26 MP: 1/5
   585 | D:1      | Learned a level 3 spell: Vampiric Draining
  1324 | D:2      | Reached XP level 4. HP: 12/33 MP: 0/6
  1818 | D:3      | Found a shimmering altar of Xom.
  1915 | D:3      | Found a faded altar of an unknown god.
  2252 | D:3      | Reached XP level 5. HP: 38/38 MP: 7/7
  2650 | D:4      | Noticed a phantom
  2656 | D:4      | Killed a phantom
  2657 | D:4      | Reached skill level 1 in Staves
  3399 | D:5      | Entered Level 5 of the Dungeon
  3435 | D:5      | Reached skill level 5 in Necromancy
  3435 | D:5      | Reached XP level 6. HP: 24/45 MP: 9/9
  3648 | D:5      | Reached skill level 1 in Air Magic
  3667 | D:5      | Reached skill level 1 in Ice Magic
  3794 | D:5      | Found Roint's Book Boutique.
  3860 | D:5      | Reached XP level 7. HP: 24/50 MP: 2/11
  3941 | D:5      | Found a shimmering blue altar of Sif Muna.
  4591 | D:5      | Found a transporter.
  4593 | D:5      | Noticed GigaChad's ghost (amateur DrRe)
  4598 | D:5      | Found a transporter.
  4633 | D:6      | Found a runed translucent gate.
  4633 | D:6      | Found a runed translucent gate.
  4641 | D:6      | Noticed a steam dragon
  4829 | D:6      | Slain by an iguana

Illustrated notes

Levels and vault maps discovered:
D:1:      ncdulo_watergridlock, layout_loops_ring
D:2:      layout_loops_ring, hangedman_decor_opposing, minmay_pentomino_pile
D:3:      layout_loops_ring, mainiacjoe_overflow_cross_hatched,
          hellmonk_ecumenical_altar_inner_sanctum
D:4:      layout_basic, nicolae_hexahallways, nicolae_figureground_sparkle
D:5:      layout_basic, nicolae_overflow_crystal_walls, serial_shops,
          nicolae_shop_trees, gammafunk_ghost_mausoleum
D:6:      layout_rooms, marbit_many_paths, gammafunk_ghost_nasty_kobolds

Skill      XL: |  1  2  3  4  5  6  7 |
---------------+----------------------+-----
Spellcasting   | 2 3 4 |  4.0
Armour         | 1 2 3 |  3.1
Dodging        | 2 |  2.4
Staves         | 1 2 |  2.2
Necromancy     | 5 |  5.4
Air Magic      | 1 2 |  2.4
Ice Magic      | 1 2 |  2.1
Stealth        | |  2.1

Action                     |  1- 3 |  4- 6 |  7- 9 || total
---------------------------+-------+-------+-------++-------
  Melee: Unarmed           |     8 |       |       ||     8
         Club              |    38 |       |       ||    38
         Staff             |   106 |    91 |       ||   197
         Punch             |     1 |     4 |     3 ||     8
         Spear             |       |   115 |    65 ||   180
   Fire: Sling             |       |     1 |       ||     1
   Cast: Necrotise         |    30 |    10 |     3 ||    43
         Vampiric Draining |     2 |     7 |     6 ||    15
    Use: Scroll            |     5 |     9 |     1 ||    15
   Stab: Sleeping          |     4 |       |       ||     4
 Armour: Robe              |    19 |       |       ||    19
         Leather armour    |    34 |    71 |       ||   105
         Scale mail        |     9 |       |       ||     9
         Ring mail         |       |    25 |    28 ||    53
  Dodge: Dodged            |   128 |   115 |    31 ||   274
